 Dungeon Crawl Stone Soup version 0.29.0-4-gdea44cf6ec (webtiles) character file.

Game seed: 2122076668656273050

5473 qw the Cleaver (level 10, -4/63 HPs)
             Began as a Gargoyle Fighter on Sept 10, 2022.
             Was an Elder of Okawaru.
             Slain by a death yak (20 damage)
             ... on level 9 of the Dungeon.
             The game lasted 00:03:27 (9634 turns).

qw the Cleaver (Gargoyle Fighter)                   Turns: 9634, Time: 00:03:27

Health: -4/63      AC: 22    Str: 24    XL:     10   Next: 69%
Magic:  12/13      EV:  9    Int:  9    God:    Okawaru [****..]
Gold:   333        SH: 12    Dex: 11    Spells: 9/9 levels left

rFire   . . .      SeeInvis .   Y - +3 war axe
rCold   . . .      Faith    .   o - +0 kite shield
rNeg    + . .      Spirit   .   m - +0 chain mail
rPois   inf        Reflect  .   (helmet restricted)
rElec   +          Harm     .   (no cloak)
rCorr   +          Rampage  .   p - +0 pair of gloves
Will    .....                   b - +1 pair of boots
Stlth   +.........              (no amulet)
HPRegen 0.20/turn               r - ring of resist corrosion
MPRegen 0.13/turn               (no ring)

@: heroic
A: sickness immunity, AC +7, negative energy resistance 1, electricity
resistance, torment resistance 1, petrification resistance, antennae 1, thin
skeletal structure 1, mutation resistance 1, screaming 1
a: Renounce Religion, Heroism, Finesse


You were on level 9 of the Dungeon.
You worshipped Okawaru.
Okawaru was greatly pleased with you.
You visited 2 branches of the dungeon, and saw 10 of its levels.

You collected 477 gold pieces.
You spent 144 gold pieces at shops.


Innate Abilities, Weirdness & Mutations

You are immune to sickness and miasma.
Your stone body is resilient. (AC +7)
You are immune to poison.
You resist negative energy. (rN+)
You are resistant to electric shocks. (rElec)
You are resistant to unholy torment.
You are immune to petrification.
You have a pair of small antennae on your head.
You have a somewhat thin skeletal structure. (Dex +2, Stealth+)
You are somewhat resistant to further mutation.
You occasionally shout uncontrollably at your foes.


   Skills:
 - Level 7.3(12.3) Fighting
 + Level 9.3(14.3) Axes
 - Level 1.7(6.7) Throwing
 - Level 5.5(10.5) Armour
 - Level 1.0(6.0) Dodging
 - Level 9.2(14.2) Shields
 + Level 5.1 Invocations


You had 9 spell levels left.
You didn't know any spells.
Your spell library was empty.

Inventory:

Hand Weapons
 s - a +0 morningstar
 Y - a +3 war axe (weapon)
Missiles
 g - 8 boomerangs (quivered)
Armour
 b - a +1 pair of boots (worn)
 c - a +0 ring mail of fire resistance
 m - a +0 chain mail (worn)
 n - a +0 cloak
 o - a +0 kite shield (worn)
 p - a +0 pair of gloves (worn)
Jewellery
 r - a ring of resist corrosion (left hand)
Scrolls
 h - 2 scrolls of identify
Potions
 a - a potion of magic
 d - a potion of might
 f - a potion of cancellation
 i - a potion of resistance
 j - 3 potions of attraction
 k - a potion of lignification
 l - a potion of haste
 q - a potion of mutation
 u - a potion of curing

Dungeon Overview and Level Annotations

Branches:
Dungeon (9/15)             Temple (1/1) D:4
   Lair: D:8-11         Orc: D:9-12

Altars:
Ashenzari
Cheibriados
Dithmenos
Elyvilon
Fedhas
Gozag
Hepliaklqana
Kikubaaqudgha
Makhleb
Nemelex Xobeh
Okawaru
Qazlal
Ru
Sif Muna
Trog
Uskayaw
Vehumet
Wu Jian
Xom
Yredelemnul
Zin
The Shining One

Shops:
D:3 ([=   D:7 *   D:9 *


Message History

The death yak is severely wounded.
The death yak gores you.
You slash the death yak!
The death yak is severely wounded.
The death yak gores you but does no damage.
You hit the death yak.
The death yak is almost dead.
The death yak gores you.
You hit the death yak but do no damage.
The death yak is almost dead.
The death yak gores you!
9625 ||| DRINKING potion of heal wounds.
You feel much better. The death yak barely misses you.
You hit the death yak.
The death yak is almost dead.
The death yak gores you but does no damage.
You slash the death yak!
The death yak is almost dead.
The death yak snorts and paws the ground.
The death yak gores you!
You slash the death yak!
You kill the death yak!
Okawaru accepts your kill.
You can now speed up your combat.
Your base Shields skill increases to level 9!
You hit the death yak but do no damage.
The death yak gores you but does no damage.
You slash the death yak!
The death yak is moderately wounded.
The death yak gores you!
You slash the death yak!
The death yak is moderately wounded.
You block the death yak's attack.
You slice the death yak!!
The death yak is severely wounded.
The death yak gores you but does no damage.
You slice the death yak!!
The death yak is almost dead.
The death yak gores you!!
You die... ... ... #o# #yy

#y# #Y# #Y#
#@# #.# #.#
#.# #.#
######'######
#......^....#
#...........+
+.....[.....#


You could see 2 death yaks, 3 killer bees and an orc.

Vanquished Creatures
  A boulder beetle (D:8)
  A two-headed ogre (D:9)
  A death yak (D:9)
  Pikel (D:6)
  Grinder (D:5)
  3 yaks (D:8)
  Duvessa (D:5)
  2 water moccasins (D:7)
  An orc warrior (D:7)
  2 sky beasts
  An ogre (D:6)
  2 lemures (D:6)
  2 phantoms
  3 bullfrogs
  2 scorpions
  2 necrophages (D:8)
  5 wights (D:7)
  Dowan (D:5)
  4 jellies
  A killer bee (D:9)
  A howler monkey (D:5)
  3 hounds
  2 orc priests (D:8)
  A gnoll bouda (D:8)
  2 iguanas
  Natasha (thrice) (D:4)
  8 orc wizards
  2 hell rats (D:9)
  4 gnolls (D:8)
  11 adders
  A shadow imp (D:7)
  A white imp (D:6)
  An ufetubus (D:4)
  A worm (D:4)
  5 dart slugs
  32 orcs
  7 bats
  9 endoplasms
  8 giant cockroaches
  9 goblins
  7 hobgoblins
  6 jackals
  14 kobolds
  4 quokkas
  6 ball pythons
  5 frilled lizards
  6 rats
196 creatures vanquished.

Vanquished Creatures (others)
  A plant (D:6)
1 creature vanquished.

Grand Total: 197 creatures vanquished

Notes
Turn   | Place    | Note
-------+----------+-------------------------------------------
     0 | D:1      | qw the Gargoyle Fighter began the quest for the Orb.
     0 | D:1      | Reached XP level 1. HP: 14/14 MP: 1/1
     0 | D:1      | 0 ||| qw: Version: 0.1-a-116-g5d60599
     0 | D:1      | 0 ||| qw: Game counter: 7476
     0 | D:1      | 0 ||| qw: Always use a shield: true
     0 | D:1      | 0 ||| qw: God list: Okawaru
     0 | D:1      | 0 ||| qw: Allow faded altars: false
     0 | D:1      | 0 ||| qw: Do Orc after D:15 true
     0 | D:1      | 0 ||| qw: Do second Lair branch before Depths: true
     0 | D:1      | 0 ||| qw: Lair rune preference: random
     0 | D:1      | 0 ||| qw: Plans: Normal, Zot, God:TSO, Crypt, Tomb, Zig,
                  | Orb
     0 | D:1      | 0 ||| PLANNING D:1-11
   197 | D:1      | 197 ||| Stepping ~*~*~tactically~*~*~ (stealth).
   199 | D:1      | 199 ||| Stepping ~*~*~tactically~*~*~ (stealth).
   207 | D:1      | Reached XP level 2. HP: 19/19 MP: 2/2
   216 | D:1      | 216 ||| DROPPING +0 club.
   790 | D:1      | Reached skill level 3 in Axes
   791 | D:1      | Reached XP level 3. HP: 23/23 MP: 3/3
   906 | D:1      | 906 ||| Stepping ~*~*~tactically~*~*~ (stealth).
   916 | D:1      | 916 ||| Stepping ~*~*~tactically~*~*~ (stealth).
  1123 | D:1      | Found a faded altar of an unknown god.
  1263 | D:1      | 1263 ||| READING 2 scrolls labelled JORUNWIHOT.
  1264 | D:1      | 1264 ||| READING scroll labelled FUNTAAN DIKLIP.
  1318 | D:1      | 1318 ||| READING scroll labelled ROCLYWOADWIO.
  1319 | D:1      | 1319 ||| READING scroll labelled QUSOOM ES AMOMEIDD.
  1320 | D:1      | 1320 ||| READING scroll labelled CULOB XUDETOP.
  1321 | D:1      | 1321 ||| DROPPING scroll of noise.
  1378 | D:2      | 1378 ||| Stepping ~*~*~tactically~*~*~ (stealth).
  1482 | D:2      | 1482 ||| Stepping ~*~*~tactically~*~*~ (stealth).
  1491 | D:2      | 1491 ||| Stepping ~*~*~tactically~*~*~ (stealth).
  1530 | D:2      | 1530 ||| Stepping ~*~*~tactically~*~*~ (stealth).
  1560 | D:2      | Reached XP level 4. HP: 27/28 MP: 4/4
  1991 | D:2      | 1991 ||| Stepping ~*~*~tactically~*~*~ (stealth).
  2246 | D:2      | Reached XP level 5. HP: 32/32 MP: 5/5
  2457 | D:2      | 2457 ||| Stepping ~*~*~tactically~*~*~ (stealth).
  2494 | D:2      | Identified the +1 rapier "Puliwuoc" {flame, rCorr}
  2589 | D:2      | 2589 ||| UPGRADING to +0 chain mail.
  2599 | D:2      | 2599 ||| DROPPING +0 scale mail.
  2600 | D:2      | 2600 ||| READING 2 scrolls labelled KITEEB KOTO.
  2604 | D:2      | 2604 ||| READING 2 scrolls labelled BOMUHA ATUA.
  2705 | D:2      | 2705 ||| READING 2 scrolls labelled MINUH CA DEMIK.
  2706 | D:2      | 2706 ||| DRINKING 2 amethyst potions.
  2736 | D:2      | 2736 ||| DROPPING scroll of silence.
  2758 | D:3      | 2758 ||| Stepping ~*~*~tactically~*~*~ (stealth).
  2759 | D:3      | 2759 ||| Stepping ~*~*~tactically~*~*~ (stealth).
  2801 | D:3      | Found Raote's Weapon Shoppe.
  2812 | D:3      | 2812 ||| SHOPLISTING +11 whip of the Modern Quests {vorpal,
                  | Int+3} (792 gold, have 124).
  2812 | D:3      | 2812 ||| SHOPLISTING +5 flail of draining (366 gold, have
                  | 124).
  2841 | D:3      | Found Unnudamp's Antique Armour Shop.
  2848 | D:3      | 2848 ||| SHOPLISTING plate armour (598 gold, have 147).
  2848 | D:3      | 2848 ||| SHOPLISTING runed ring mail (182 gold, have 147).
  2884 | D:3      | Found Volot's Jewellery Emporium.
  2895 | D:3      | 2895 ||| SHOPLISTING +4 ring of evasion (468 gold, have
                  | 147).
  2895 | D:3      | 2895 ||| SHOPLISTING ring of fire (325 gold, have 147).
  2895 | D:3      | 2895 ||| SHOPLISTING ring of positive energy (260 gold,
                  | have 147).
  2895 | D:3      | 2895 ||| SHOPLISTING ring of protection from fire (325
                  | gold, have 147).
  2895 | D:3      | 2895 ||| SHOPLISTING ring of willpower (325 gold, have
                  | 147).
  2936 | D:3      | 2936 ||| Stepping ~*~*~tactically~*~*~ (stealth).
  3091 | D:3      | 3091 ||| Stepping ~*~*~tactically~*~*~ (hiding).
  3108 | D:3      | 3108 ||| Stepping ~*~*~tactically~*~*~ (stealth).
  3112 | D:3      | 3112 ||| Stepping ~*~*~tactically~*~*~ (stealth).
  3254 | D:3      | 3254 ||| DROPPING +0 whip.
  3311 | D:3      | Reached XP level 6. HP: 38/38 MP: 6/6
  3468 | D:3      | 3468 ||| UPGRADING to +0 pair of boots.
  3473 | D:3      | 3473 ||| READING scroll labelled XUODAE ZAUCKEC.
  3474 | D:3      | 3474 ||| READING 2 scrolls of identify.
  3474 | D:3      | 3474 ||| IDENTIFYING viscous clear potion
  3715 | D:4      | Noticed Natasha
  3716 | D:4      | 3716 ||| Stepping ~*~*~tactically~*~*~ (stealth).
  3718 | D:4      | Killed Natasha
  3935 | D:4      | 3935 ||| Stepping ~*~*~tactically~*~*~ (hiding).
  3958 | D:4      | Found a staircase to the Ecumenical Temple.
  3959 | D:4      | 3959 ||| PLANNING TEMPLE
  3993 | D:4      | 3993 ||| UPGRADING to +0 kite shield.
  4003 | D:4      | 4003 ||| DROPPING +0 buckler.
  4004 | D:4      | 4004 ||| READING 2 scrolls labelled EPREADW OFYLA.
  4005 | D:4      | 4005 ||| READING scroll of enchant weapon.
  4005 | D:4      | 4005 ||| ENCHANTING +1 war axe.
  4006 | D:4      | 4006 ||| DRINKING 2 fizzy puce potions.
  4013 | Temple   | Entered the Ecumenical Temple
  4214 | Temple   | 4214 ||| PLANNING D:1-11
  4247 | Temple   | Became a worshipper of Warmaster Okawaru
  4855 | D:4      | Noticed Natasha
  4856 | D:4      | 4856 ||| Stepping ~*~*~tactically~*~*~ (hiding).
  4861 | D:4      | Killed Natasha
  5004 | D:4      | Noticed Natasha
  5005 | D:4      | 5005 ||| Stepping ~*~*~tactically~*~*~ (hiding).
  5010 | D:4      | Killed Natasha
  5128 | D:5      | Entered Level 5 of the Dungeon
  5128 | D:5      | Noticed Grinder
  5139 | D:5      | Killed Grinder
  5140 | D:5      | Reached XP level 7. HP: 36/43 MP: 7/7
  5201 | D:5      | Noticed Dowan
  5203 | D:5      | Reached * piety under Okawaru
  5352 | D:5      | 5352 ||| INVOKING Heroism.
  5359 | D:5      | Reached skill level 6 in Axes
  5359 | D:5      | Reached skill level 1 in Invocations
  5446 | D:5      | 5446 ||| READING scroll of enchant weapon.
  5446 | D:5      | 5446 ||| ENCHANTING +2 war axe.
  5606 | D:5      | Noticed Duvessa
  5607 | D:5      | 5607 ||| INVOKING Heroism.
  5620 | D:5      | Killed Duvessa
  5621 | D:5      | Reached skill level 6 in Shields
  5621 | D:5      | 5621 ||| INVOKING Heroism.
  5627 | D:5      | Killed Dowan
  5628 | D:5      | Reached XP level 8. HP: 18/48 MP: 6/10
  5830 | D:5      | Reached skill level 1 in Dodging
  5830 | D:5      | Reached skill level 3 in Invocations
  6155 | D:5      | 6155 ||| DRINKING 2 white potions.
  6156 | D:5      | 6156 ||| DRINKING 3 blue potions.
  6157 | D:5      | 6157 ||| DRINKING 2 ruby potions.
  6157 | D:5      | Gained mutation: You occasionally shout uncontrollably at
                  | your foes. [potion of mutation]
  6157 | D:5      | Gained mutation: You have a pair of small antennae on your
                  | head. [potion of mutation]
  6157 | D:5      | Gained mutation: You have a somewhat thin skeletal
                  | structure. (Dex +2, Stealth+) [potion of mutation]
  6157 | D:5      | Gained mutation: You are somewhat resistant to further
                  | mutation. [potion of mutation]
  6158 | D:5      | 6158 ||| READING 3 scrolls of identify.
  6158 | D:5      | 6158 ||| IDENTIFYING cyan potion
  6159 | D:5      | 6159 ||| READING 2 scrolls of identify.
  6159 | D:5      | 6159 ||| IDENTIFYING sedimented purple potion
  6160 | D:5      | 6160 ||| DROPPING 2 potions of degeneration.
  6216 | D:6      | 6216 ||| INVOKING Heroism.
  6235 | D:6      | Found a shimmering altar of Xom.
  6249 | D:6      | 6249 ||| INVOKING Heroism.
  6322 | D:6      | 6322 ||| READING 2 scrolls of identify.
  6322 | D:6      | 6322 ||| IDENTIFYING fizzy golden potion
  6323 | D:6      | 6323 ||| DROPPING potion of brilliance.
  6324 | D:6      | 6324 ||| READING scroll of teleportation.
  6336 | D:6      | Found a glowing silver altar of Zin.
  6337 | D:6      | Found a snail-covered altar of Cheibriados.
  6347 | D:6      | 6347 ||| INVOKING Heroism.
  6389 | D:6      | Found a hazy altar of Hepliaklqana.
  6411 | D:6      | Reached ** piety under Okawaru
  6542 | D:6      | 6542 ||| Stepping ~*~*~tactically~*~*~ (stealth).
  6577 | D:6      | Found a stormy altar of Qazlal.
  6693 | D:6      | 6693 ||| INVOKING Heroism.
  6694 | D:6      | Noticed Pikel
  6709 | D:6      | Killed Pikel
  6710 | D:6      | Reached XP level 9. HP: 38/57 MP: 12/12
  6712 | D:6      | 6712 ||| INVOKING Heroism.
  6831 | D:6      | 6831 ||| Stepping ~*~*~tactically~*~*~ (stealth).
  6884 | D:6      | 6884 ||| Stepping ~*~*~tactically~*~*~ (hiding).
  6910 | D:6      | 6910 ||| Stepping ~*~*~tactically~*~*~ (stealth).
  6912 | D:6      | 6912 ||| Stepping ~*~*~tactically~*~*~ (stealth).
  6913 | D:6      | 6913 ||| DROPPING +0 flail.
  6930 | D:6      | Found a glowing golden altar of the Shining One.
  6980 | D:6      | 6980 ||| UPGRADING to ring of resist corrosion.
  7184 | D:7      | Found Qibriy's Assorted Antiques.
  7187 | D:7      | 7187 ||| BUYING potion of heal wounds (120 gold).
  7187 | D:7      | Bought a potion of heal wounds for 120 gold pieces
  7187 | D:7      | 7187 ||| BUYING scroll labelled ZILOIBL VIEPS (24 gold).
  7187 | D:7      | Bought a scroll labelled ZILOIBL VIEPS for 24 gold pieces
  7296 | D:7      | 7296 ||| Stepping ~*~*~tactically~*~*~ (hiding).
  7397 | D:7      | Reached skill level 1 in Throwing
  7401 | D:7      | 7401 ||| INVOKING Heroism.
  7501 | D:7      | 7501 ||| INVOKING Heroism.
  7507 | D:7      | HP: 3/57 [wight/+3 halberd (13)]
  7508 | D:7      | 7508 ||| READING scroll of teleportation.
  7509 | D:7      | 7509 ||| DRINKING 3 potions of heal wounds.
  7512 | D:7      | 7512 ||| DRINKING 2 potions of heal wounds.
  7591 | D:7      | 7591 ||| FLEEEEING.
  7592 | D:7      | 7592 ||| FLEEEEING.
  7593 | D:7      | 7593 ||| FLEEEEING.
  7594 | D:7      | 7594 ||| FLEEEEING.
  7595 | D:7      | 7595 ||| FLEEEEING.
  7596 | D:7      | 7596 ||| FLEEEEING.
  7597 | D:7      | 7597 ||| FLEEEEING.
  7598 | D:7      | 7598 ||| FLEEEEING.
  7600 | D:7      | 7600 ||| FLEEEEING.
  7601 | D:7      | 7601 ||| FLEEEEING.
  7602 | D:7      | 7602 ||| FLEEEEING.
  7603 | D:7      | 7603 ||| FLEEEEING.
  7604 | D:7      | 7604 ||| FLEEEEING.
  7606 | D:7      | 7606 ||| FLEEEEING.
  7607 | D:7      | 7607 ||| FLEEEEING.
  7609 | D:7      | 7609 ||| FLEEEEING.
  7610 | D:7      | 7610 ||| FLEEEEING.
  7611 | D:7      | 7611 ||| STAIRDANCE
  7670 | D:6      | 7670 ||| DROPPING amulet of magic regeneration.
  7671 | D:6      | 7671 ||| READING scroll labelled ZILOIBL VIEPS.
  7672 | D:6      | 7672 ||| READING scroll labelled LISEQU TIPP.
  7724 | D:7      | 7724 ||| Stepping ~*~*~tactically~*~*~ (stealth).
  7731 | D:7      | Reached *** piety under Okawaru
  7838 | D:7      | 7838 ||| READING scroll of enchant armour.
  7838 | D:7      | 7838 ||| ENCHANTING +0 pair of boots.
  7941 | D:7      | 7941 ||| Stepping ~*~*~tactically~*~*~ (stealth).
  8061 | D:7      | 8061 ||| UPGRADING to +0 pair of gloves.
  8136 | D:8      | 8136 ||| Stepping ~*~*~tactically~*~*~ (stealth).
  8159 | D:8      | 8159 ||| INVOKING Heroism.
  8170 | D:8      | Reached XP level 10. HP: 35/63 MP: 11/13
  8350 | D:8      | 8350 ||| Stepping ~*~*~tactically~*~*~ (stealth).
  8404 | D:8      | 8404 ||| Stepping ~*~*~tactically~*~*~ (hiding).
  8405 | D:8      | 8405 ||| INVOKING Heroism.
  8418 | D:8      | 8418 ||| Stepping ~*~*~tactically~*~*~ (stealth).
  8583 | D:8      | 8583 ||| FLEEEEING.
  8594 | D:8      | 8594 ||| FLEEEEING.
  8595 | D:8      | 8595 ||| FLEEEEING.
  8596 | D:8      | 8596 ||| FLEEEEING.
  8598 | D:8      | 8598 ||| FLEEEEING.
  8599 | D:8      | 8599 ||| FLEEEEING.
  8600 | D:8      | 8600 ||| FLEEEEING.
  8601 | D:8      | 8601 ||| FLEEEEING.
  8602 | D:8      | 8602 ||| FLEEEEING.
  8603 | D:8      | 8603 ||| FLEEEEING.
  8607 | D:8      | 8607 ||| FLEEEEING.
  8610 | D:8      | 8610 ||| FLEEEEING.
  8611 | D:8      | 8611 ||| FLEEEEING.
  8617 | D:8      | 8617 ||| FLEEEEING.
  8618 | D:8      | 8618 ||| FLEEEEING.
  8619 | D:8      | 8619 ||| FLEEEEING.
  8625 | D:8      | 8625 ||| Stepping ~*~*~tactically~*~*~ (hiding).
  8690 | D:8      | 8690 ||| DROPPING +2 flail of protection.
  8735 | D:8      | Found a sacrificial altar of Ru.
  9118 | D:8      | Noticed a boulder beetle
  9119 | D:8      | 9119 ||| INVOKING Heroism.
  9135 | D:8      | 9135 ||| INVOKING Heroism.
  9136 | D:8      | HP: 11/63 [boulder beetle (41)]
  9137 | D:8      | 9137 ||| DRINKING 2 potions of heal wounds.
  9147 | D:8      | Killed a boulder beetle
  9147 | D:8      | Reached **** piety under Okawaru
  9148 | D:8      | Reached skill level 9 in Axes
  9301 | D:8      | 9301 ||| DROPPING amulet of guardian spirit.
  9302 | D:8      | 9302 ||| READING scroll labelled YVEDAKKATZO.
  9303 | D:8      | 9303 ||| READING 5 scrolls of identify.
  9303 | D:8      | 9303 ||| IDENTIFYING murky inky potion
  9304 | D:8      | 9304 ||| READING 4 scrolls of identify.
  9304 | D:8      | 9304 ||| IDENTIFYING clear potion
  9305 | D:8      | 9305 ||| READING 3 scrolls of identify.
  9305 | D:8      | 9305 ||| IDENTIFYING bubbling inky potion
  9306 | D:8      | 9306 ||| DROPPING potion of flight.
  9323 | D:9      | Noticed a two-headed ogre
  9323 | D:9      | Found Disij's Overcharged Wands.
  9324 | D:9      | 9324 ||| INVOKING Heroism.
  9335 | D:9      | Killed a two-headed ogre
  9546 | D:9      | 9546 ||| INVOKING Heroism.
  9603 | D:9      | Noticed a death yak
  9604 | D:9      | 9604 ||| INVOKING Heroism.
  9607 | D:9      | Noticed a death yak
  9607 | D:9      | Noticed a death yak
  9619 | D:9      | 9619 ||| INVOKING Heroism.
  9624 | D:9      | HP: 11/63 [death yak (15)]
  9625 | D:9      | 9625 ||| DRINKING potion of heal wounds.
  9628 | D:9      | Killed a death yak
  9629 | D:9      | Reached skill level 9 in Shields
  9634 | D:9      | Slain by a death yak

Levels and vault maps discovered:
D:1:      dpeg_chamrin_arrival_tetris, layout_basic,
          ebering_ecumenical_altar_webs
D:2:      minmay_thinvault, layout_basic, minmay_misc_feat_hallway,
          grunt_decor_cap, minivault_19, corexii_leaking_fountain
D:3:      layout_basic, serial_shops, nicolae_shop_stone, shop,
          nicolae_shop_waterfront
D:4:      layout_basic, minmay_temple_entry_enclosed_plants, uniq_natasha
D:5:      layout_basic, uniq_grinder, uniq_duvessa
D:6:      layout_rooms, mainiacjoe_overflow_tiny_flanked, marbit_many_paths,
          dk_xom_monty_hall, gammafunk_temple_overflow_wave,
          nicolae_tso_swordbearing_angel, reono_crystal_passage, uniq_pikel
D:7:      layout_basic, serial_shops, kennysheep_mini, minmay_misc_feat_square,
          kennysheep_generic_room_11
D:8:      layout_loops_ring, nicolae_ru_great_annihilating_truth
D:9:      layout_roguey [special_room_orc], dpeg_lair_monsters,
          chequers_serial_rivers_small_a, nicolae_shop_overcharged_wands,
          uniq_prince_ribbit1
Temple:   regret_index_temple_generic_petals

Skill      XL: |  1  2  3  4  5  6  7  8  9 10 |
---------------+-------------------------------+-----
Axes           | 2 3 4 5 6 7 8 9 |  9.3
Fighting       | 4 7 |  7.3
Shields        | 5 6 8 9 |  9.2
Invocations    | 2 4 5 |  5.1
Dodging        | 1 |  1.0
Throwing       | 1 |  1.7
Armour         | 4 5 |  5.5

Action                   |  1- 3 |  4- 6 |  7- 9 | 10-12 || total
-------------------------+-------+-------+-------+-------++-------
Melee: War axe           |   136 |   168 |   245 |   106 ||   655
Throw: Boomerang         |       |    50 |    37 |    30 ||   117
Invok: Heroism           |       |       |    11 |     7 ||    18
  Use: Scroll            |     5 |     7 |     9 |     4 ||    25
       Potion            |       |     2 |     5 |     2 ||     9
 Stab: Paralysed         |       |       |       |     2 ||     2
Armor: Scale mail        |    71 |    20 |       |       ||    91
       Chain mail        |       |    87 |   125 |    32 ||   244
Dodge: Dodged            |    61 |    47 |    50 |    23 ||   181
Block: Buckler           |    22 |    25 |       |       ||    47
       Kite shield       |       |    10 |   105 |    45 ||   160

Table legend:
 A = Non-vault XP
 B = Vault XP
 C = Vault XP percentage of total XP
 D = Non-vault monster count
 E = Vault monster count
 F = Vault count percentage of total count
                 A         B        C        D         E       F
            +---------+---------+-------+---------+---------+-------
      Total |    5538 |    2281 |  29.2 |     163 |      31 |  16.0
            +---------+---------+-------+---------+---------+-------
        D:1 |      60 |       0 |   0.0 |      32 |       0 |   0.0
        D:2 |      67 |      45 |  40.2 |      20 |      13 |  39.4
        D:3 |     148 |       0 |   0.0 |      25 |       0 |   0.0
        D:4 |     197 |      35 |  15.1 |      12 |       1 |   7.7
        D:5 |     303 |     483 |  61.5 |       6 |       3 |  33.3
        D:6 |     647 |     737 |  53.3 |      20 |       5 |  20.0
        D:7 |    1133 |      90 |   7.4 |      22 |       1 |   4.3
        D:8 |    2064 |       7 |   0.3 |      23 |       4 |  14.8
        D:9 |     919 |     884 |  49.0 |       3 |       4 |  57.1
            +---------+---------+-------+---------+---------+-------
